 Dungeon Crawl Stone Soup version 0.28-a0-1117-g0bdd5ba030 (webtiles) character file.

Game seed: 10725411356564559658

83 1player the Insei (level 4, 28/28 HPs)
             Began as an Octopode Transmuter on Dec 11, 2021.
             Quit the game on level 3 of the Dungeon on Jan 8, 2022.
             The game lasted 00:10:28 (3348 turns).

1player the Insei (Octopode Transmuter)             Turns: 3348, Time: 00:10:28

Health: 28/28      AC:  1    Str:  9    XL:     4   Next: 44%
Magic:  7/7        EV: 13    Int: 17    God:
Gold:   46         SH:  4    Dex: 12    Spells: 3/7 levels left

rFire   . . .      SeeInvis .     - Unarmed
rCold   . . .      Faith    .   e - +0 buckler
rNeg    . . .      Spirit   +   (helmet restricted)
rPois   .          Reflect  .   h - amulet of guardian spirit
rElec   .          Harm     .   (no ring)
rCorr   .          Rampage  .   (no ring)
Will    .....                   (no ring)
Stlth   ++........              (no ring)
HPRegen 0.09/turn               (no ring)
MPRegen 0.10/turn               (no ring)
                                (no ring)
                                (no ring)

@: no status effects
A: almost no armour, amphibious, 8 rings, camouflage 1, gelatinous body 1,
(nimble swimmer 1), tentacles
a: no special abilities


You were on level 3 of the Dungeon.
You visited 1 branch of the dungeon, and saw 3 of its levels.

You collected 46 gold pieces.

Inventory:

Missiles
 b - 2 poisoned darts
Armour
 e - a +0 buckler (worn)
Jewellery
 h - an amulet of guardian spirit (around mantle)
Scrolls
 a - 2 scrolls of identify {unknown}
 c - a scroll of noise {unknown}
 f - a scroll of enchant weapon {unknown}
 g - a scroll of magic mapping


   Skills:
 - Level 1.0 Fighting
 - Level 2.0 Dodging
 + Level 2.5 Shields
 - Level 3.1 Unarmed Combat
 - Level 2.0 Spellcasting
 * Level 2.5 Transmutations
 - Level 2.0 Ice Magic


You had 3 spell levels left.
You knew the following spells:

 Your Spells              Type           Power      Damage    Failure   Level
a - Beastly Appendage     Tmut           20%        N/A       9%          1
q - Spider Form           Tmut/Pois      5%         N/A       38%         3

Your spell library contained the following spells:

 Spells                   Type           Power      Damage    Failure   Level
 Wereblood                Tmut           10%        N/A       12%         2
 Ice Form                 Ice/Tmut       9%         N/A       65%         4


Dungeon Overview and Level Annotations

Branches:
Dungeon (3/15)

Altars:
Trog


Innate Abilities, Weirdness & Mutations

You cannot wear most types of armour.
You are amphibious.
You can wear up to eight rings at the same time.
Your skin changes colour to match your surroundings (Stealth+).
Your rubbery body absorbs attacks. (AC +1, EV +1)
((You are camouflaged near water. (Stealth+)))
You have tentacles for arms and can constrict up to eight enemies at once.


Message History

The gnoll is heavily wounded.
You kill the gnoll!
The bat misses you.
You hit the bat.
You kill the bat!
You now have 30 gold pieces (gained 4).
Things that are here:
a +0 whip; a gnoll corpse Your transformation is almost over.
Your transformation has ended.
Your +0 buckler unmelds from your body.
Magic restored.
You now have 46 gold pieces (gained 16).
Things that are here:
a +0 ring mail; a +0 short sword
Things that are here:
19 stones; a +0 dagger; a +0 dagger Unknown command.
You see here a bat skeleton.
Found a stone staircase leading down.
Done exploring.
Done exploring.
There is a stone staircase leading down here.
You climb downwards.
The orc shouts!
The goblin shouts! x2; You hear a shout!
There is a stone staircase leading up here.
You tentacle-slap the goblin.
You kill the goblin!
Training target 2.0 for Ice Magic reached!
Your Ice Magic skill increases to level 2!
You need to enable at least one skill for training.
Okay, then.
Saving game... please wait.
Welcome back, 1player the Octopode Transmuter.
Press ? for a list of commands and other information.
Unknown command.
Unknown command.
Are you sure you want to abandon this character and quit the game? (Confirm with "yes".)
Okay, then.
Are you sure you want to abandon this character and quit the game? (Confirm with "yes".)

#.......
###o......
..g.....#
#......##
#.......##
##........
#.....).#
#....@.#
#............
#.###........
# #........
#........
#........
#........
#........


You could see an orc and a goblin.

Vanquished Creatures
  Robin (D:1)
  2 gnolls (D:2)
  4 ball pythons
  8 bats
  3 endoplasms (D:2)
  2 giant cockroaches (D:1)
  5 hobgoblins
  4 jackals
  A frilled lizard (D:1)
  10 goblins
  2 kobolds (D:2)
  7 rats
49 creatures vanquished.

Notes
Turn   | Place    | Note
-------+----------+-------------------------------------------
     0 | D:1      | 1player the Octopode Transmuter began the quest for the
                  | Orb.
     0 | D:1      | Reached XP level 1. HP: 13/13 MP: 3/3
   463 | D:1      | Reached XP level 2. HP: 15/18 MP: 3/5
   831 | D:2      | Noticed Robin
  1386 | D:1      | Reached skill level 1 in Shields
  1434 | D:2      | Found a faded altar of an unknown god.
  1528 | D:2      | Reached XP level 3. HP: 16/23 MP: 6/6
  1964 | D:1      | Learned a level 3 spell: Spider Form
  2434 | D:2      | Found a bloodstained altar of Trog.
  2440 | D:2      | Reached skill level 1 in Ice Magic
  2694 | D:1      | Killed Robin
  2695 | D:1      | Reached XP level 4. HP: 20/28 MP: 1/7
  3348 | D:3      | Quit the game

Illustrated notes

Levels and vault maps discovered:
D:1:      mrwooster_arrival_statue_3, layout_loops_ring, minmay_misc_feat_alley
D:2:      layout_rooms, serial_corexii_hall, chequers_hall_statues_wall_a,
          corexii_hall_statues_deadend, corexii_hall_statues_s,
          chequers_hall_statues_corner_a, ebering_ecumenical_altar_mist,
          basic_altar, nicolae_figureground_sparkle, uniq_robin
D:3:      layout_rooms, minmay_misc_feat_rugged, roderic_roman_lattice

Skill      XL: |  1  2  3  4 |
---------------+-------------+-----
Shields        | 1 2 |  2.5
Ice Magic      | 1 2 |  2.0
Fighting       | |  1.0
Dodging        | |  2.0
Unarmed Combat | |  3.1
Spellcasting   | |  2.0
Transmutations | |  2.5

Action                   |  1- 3 |  4- 6 || total
-------------------------+-------+-------++-------
Melee: Unarmed           |    93 |    18 ||   111
       Constrict         |    26 |     6 ||    32
       Tentacles         |    14 |     5 ||    19
       Kick              |    10 |       ||    10
       Punch             |     2 |       ||     2
 Cast: Beastly Appendage |    18 |       ||    18
       Spider Form       |     1 |     1 ||     2
  Use: Scroll            |     1 |       ||     1
       Potion            |     1 |       ||     1
Armor: Skin              |    15 |     5 ||    20
Dodge: Dodged            |    69 |    27 ||    96
Block: Buckler           |    12 |     2 ||    14

Table legend: (Time is in decaauts)
 A = Elapsed time spent in this place.
 B = Non-inter-level travel time spent in this place.
 C = Inter-level travel time spent in this place.
 D = Time resting spent in this place.
 E = Time spent auto-exploring this place.
 F = Levels seen in this place.
 G = Mean time per level.
                   A        B        C        D        E       F      G
               +--------+--------+--------+--------+--------+-----+--------+
         Total |   3349 |   3124 |    225 |   1366 |    792 |   3 | 1116.3 |
       Dungeon |   3349 |   3124 |    225 |   1366 |    792 |   3 | 1116.3 |
               +--------+--------+--------+--------+--------+-----+--------+

Top non-repeatable levels by time:
     D:1: 2273 daAuts
     D:2: 1074 daAuts
     D:3: 1 daAuts
